 Dungeon Crawl Stone Soup version 0.30.1-4-g462c640d31 (webtiles) character file.

Game seed: 15195795046289169417

198 mortz the Magician (level 6, -3/40 HPs)
             Began as a Djinni Conjurer on Sept 8, 2023.
             Slain by an ice beast (10 damage)
             ... on level 3 of the Dungeon.
             The game lasted 00:15:17 (2674 turns).

mortz the Magician (Djinni Conjurer)                Turns: 2674, Time: 00:15:18

Health: -3/40      AC:  5    Str: 12    XL:     6   Next: 6%
Gold:   141        EV: 12    Int: 22    God:
                   SH:  0    Dex: 17

rFire   + + .        C - +1 hand axe (elec)
rCold   x . .        (no shield)
rNeg    . . .        l - +0 leather armour
rPois   ∞            (no helmet)
rElec   .            (no cloak)
rCorr   .            D - +1 pair of gloves
SInv    .            (boots unavailable)
Will    .....        (no amulet)
Stlth   ++           e - +6 ring of dexterity
HPRegen 0.26/turn    x - +6 ring of strength
MPRegen 0.00/turn

%: infuse magic (-4 HP)
@: flying
A: sickness immunity, fire resistance 2, cold vulnerability 1, float, innate
caster, HP casting, extra vitality 1
a: no special abilities


You were on level 3 of the Dungeon.
You visited 1 branch of the dungeon, and saw 4 of its levels.

You collected 141 gold pieces.

Inventory:

Hand Weapons
 c - a +0 club
 h - a +0 sling
 m - a +0 dagger
 r - a +0 long sword
 C - a +1 hand axe of electrocution (weapon)
Missiles
 E - 6 boomerangs
Armour
 a - a +0 robe
 l - a +0 leather armour (worn)
 n - a +0 ring mail
 D - a +1 pair of gloves (worn)
Magical Staves
 g - a staff of earth
 u - a staff of cold
 B - a staff of air
Jewellery
 e - a +6 ring of dexterity (left hand)
 x - a +6 ring of strength (right hand)
Wands
 y - a wand of mindburst (16)
Scrolls
 b - 2 scrolls of poison {unknown}
 i - a scroll of enchant weapon {unknown}
 j - 3 scrolls of teleportation {unknown}
 k - a scroll of fog {unknown}
 q - 2 scrolls of identify {unknown}
 s - a scroll of magic mapping {unknown}
 w - a scroll of noise {unknown}
 A - 2 scrolls of amnesia {unknown}
Potions
 d - a potion of flight {unknown}
 f - a potion of heal wounds {unknown}
 o - 4 potions of haste {unknown}
 p - a potion of magic {unknown}
 t - a potion of might {unknown}
 v - 2 potions of curing {unknown}
 z - a potion of brilliance {unknown}


   Skills:
 + Level 0.7 Armour
 + Level 2.2 Dodging
 + Level 2.8 Stealth
 + Level 4.8 Spellcasting


You knew the following spells:

 Your Spells              Type           Power      Damage    Failure   Level
a - Magic Dart            Conj           100%       1d8       1%          1
b - Searing Ray           Conj           52%        2d6       2%          2
c - Dazzling Flash        Conj/Hex       52%        N/A       5%          3
d - Fulminant Prism       Conj/Hex       13%        3d9       17%         4
e - Iskenderun's Mystic   Conj/Tloc      26%        2d7       17%         4
f - Sandblast             Erth           52%        2d12      1%          1
g - Passwall              Tmut/Erth      21%        N/A       2%          2
Your spell library was empty.

Dungeon Overview and Level Annotations

Branches:
Dungeon (4/15)
 Temple: D:4-7

Altars:
Trog

Shops:
D:4 *


Innate Abilities, Weirdness & Mutations

You are immune to sickness and miasma.
You are immune to poison.
Your flesh is very heat resistant. (rF++)
You are vulnerable to cold. (rC-)
You float through the air rather than walking.
You learn spells naturally, not from books.
Your magical power is your life essence.
You have superior vitality. (+4 MHP)


Message History

The magic dart hits the jackal but does no damage.
The jackal barks!
The jackal barely misses you.
The magic dart hits the jackal.
You kill the jackal!
The orc shouts!
An ice beast comes into view.
The magic dart hits the jackal.
You kill the jackal!
The magic dart hits the orc but does no damage.
The magic dart hits the orc!
You kill the orc!
You fly upwards.
There is a stone staircase leading down here.
HP restored.
Done exploring.
You fly downwards.
The ice beast closely misses you. The ice beast hits you.
The ice beast freezes you!
You feel a terrible chill!
There is a stone staircase leading up here.
Casting: Magic Dart (safe; 1% risk of failure)
Confirm with . or Enter, or press ? or * to list all spells.
Aiming: Searing Ray (safe; 2% risk of failure)
Press: ? - help, Shift-Dir - straight line, f - ice beast
Aim: an ice beast (79% to hit)
The searing ray misses the ice beast. (Press . to maintain the ray.)
The ice beast barely misses you.
The searing ray hits the ice beast.
The ice beast is lightly wounded.
The ice beast hits you. The ice beast freezes you!
You feel a terrible chill!
* * * LOW HITPOINT WARNING * * *
The ice beast barely misses you.
You fly upwards.
There is a stone staircase leading down here.
The ice beast attacks as you move away! The ice beast barely misses you.
The ice beast attacks as you move away! The ice beast closely misses you.
The ice beast attacks as you move away! The ice beast hits you.
* * * LOW HITPOINT WARNING * * *
The ice beast freezes you!
You feel a terrible chill!
You die...

........## #.# .........## #.#
..........# ###########.#
..........# #.........#.###
..........# #..............
..........#########...........###
.............#.<.#######..##.^...
..............>...#######...."#.#
...............Y@.....#.........#
.######.........................#
......####......................#
###.....†###....................#
#.####..†##...................#
#..†.###..##..................#
#..#†..##..#................###
##.#....##.##.)............####
#.##....#..#.......#.....###.≈


You could see an ice beast.

Vanquished Creatures
  An iguana (D:3)
  An orc wizard (D:3)
  Ijyb (D:3)
  3 adders
  6 orcs
  8 endoplasms
  A giant cockroach (D:2)
  9 goblins
  4 hobgoblins
  7 jackals
  4 quokkas
  8 ball pythons
  7 bats
  A frilled lizard (D:2)
  2 kobolds
  10 rats
73 creatures vanquished.

Vanquished Creatures (others)
  An orc wizard (D:3)
1 creature vanquished.

Grand Total: 74 creatures vanquished

Notes
Turn   | Place    | Note
-------+----------+-------------------------------------------
     0 | D:1      | mortz the Djinni Conjurer began the quest for the Orb.
     0 | D:1      | mortz set off with the following spells memorised: Magic
                  | Dart, Searing Ray, Dazzling Flash, Fulminant Prism,
                  | Iskenderun's Mystic Blast.
     0 | D:1      | Reached XP level 1. HP: 15/15 MP: 0/0
   351 | D:1      | Reached XP level 2. HP: 21/21 MP: 0/0
  1079 | D:2      | Found a faded altar of an unknown god.
  1090 | D:2      | Reached XP level 3. HP: 22/25 MP: 0/0
  1090 | D:2      | Learned a level 1 spell: Sandblast
  1219 | D:2      | Reached skill level 4 in Spellcasting
  1465 | D:2      | Reached XP level 4. HP: 19/31 MP: 0/0
  1825 | D:3      | Reached XP level 5. HP: 30/35 MP: 0/0
  1825 | D:3      | Learned a level 2 spell: Passwall
  2021 | D:3      | Found a bloodstained altar of Trog.
  2024 | D:3      | Noticed Ijyb
  2045 | D:3      | Killed Ijyb
  2356 | D:3      | Reached XP level 6. HP: 38/40 MP: 0/0
  2593 | D:4      | Found Kerod's Assorted Antiques.
  2645 | D:4      | Noticed an ice beast
  2674 | D:3      | Slain by an ice beast

Illustrated notes

Levels and vault maps discovered:
D:1:      eino_arrival_cavern_a, layout_loops_ring, roderic_lattice_a,
          minmay_tree_intersection, minmay_misc_feat_columns,
          minmay_misc_feat_nine_boxes
D:2:      layout_rooms, hellmonk_ecumenical_altar_heavens_door,
          minmay_misc_feat_secret_circle, chequers_serial_rivers_micro_d
D:3:      minmay_evil_eye, layout_rooms, led_sif_book, bloody_trog,
          lemuel_flame_loot_1, uniq_ijyb
D:4:      layout_loops_corners, minmay_temple_entry_offerings, serial_shops,
          shop_statue, shop, hangedman_decor_peaks_small

Skill      XL: |  1  2  3 |
---------------+----------+-----
Spellcasting   | 4 |  4.8
Stealth        | 2 |  2.8
Armour         | |  0.7
Dodging        | |  2.2

Action                     |  1- 3 |  4- 6 || total
---------------------------+-------+-------++-------
   Cast: Magic Dart        |    64 |    61 ||   125
         Searing Ray       |     2 |     8 ||    10
 Armour: Leather armour    |     3 |     2 ||     5
  Dodge: Dodged            |     3 |    14 ||    17
